 Dungeon Crawl Stone Soup version 0.31.0 (webtiles) character file.

Game seed: 9263036998274531035

341 qw the Shooter (level 6, -3/39 HPs)
             Began as a Gargoyle Hunter on Jan 19, 2024.
             Slain by a scorpion (6 damage)
             ... on level 4 of the Dungeon.
             The game lasted 00:00:14 (2517 turns).

qw the Shooter (Gargoyle Hunter)                    Turns: 2517, Time: 00:00:14

Health: -3/39      AC:  9    Str: 18    XL:     6   Next: 56%
Magic:  6/6        EV: 11    Int:  9    God:
Gold:   210        SH:  0    Dex: 14    Spells: 5/5 levels left

rFire   . . .        a - +0 shortbow
rCold   . . .        (shield currently unavailable)
rNeg    + . .        h - +0 ring mail
rPois   inf          (no helmet)
rElec   +            (no cloak)
rCorr   .            (no gloves)
SInv    .            (no boots)
Will    .....        d - amulet of regeneration
Stlth   +            (no ring)
HPRegen 1.06/turn    (no ring)
MPRegen 0.10/turn

%: no passive effects
@: no status effects
A: sickness immunity, AC +4, negative energy resistance 1, electricity
resistance, torment resistance 1, petrification resistance, strong 1, MP-powered
wands, persistent drain
a: no special abilities


You were on level 4 of the Dungeon.
You visited 1 branch of the dungeon, and saw 4 of its levels.

You collected 210 gold pieces.


Innate Abilities, Weirdness & Mutations

You are immune to sickness and miasma.
Your stone body is resilient. (AC +4)
You are immune to poison.
You resist negative energy. (rN+)
You are resistant to electric shocks. (rElec)
You are resistant to unholy torment.
You are immune to petrification.
Your muscles are strong. (Str +4, Int/Dex -1)
You expend magic power (3 MP) to strengthen your wands.
Your health recovers twice as slowly from being drained.


   Skills:
 - Level 4.6 Fighting
 + Level 6.4 Ranged Weapons
 - Level 1.2 Armour
 - Level 1.5 Dodging
 - Level 1.1 Stealth


You had 5 spell levels left.
You didn't know any spells.
Your spell library was empty.

Inventory:

Hand Weapons
 a - a +0 shortbow (weapon)
Armour
 h - a +0 ring mail (worn)
Jewellery
 d - an amulet of regeneration (around neck)
Potions
 f - a potion of enlightenment
 i - a potion of resistance

Dungeon Overview and Level Annotations

Branches:
Dungeon (4/15)
 Temple: D:4-7

Altars:
Qazlal
Uskayaw


Message History

Your surroundings suddenly seem different.
Found a cyan potion.
Found an escape hatch in the floor.
Autopickup is now on.
You start resting.
Magic restored.
You start resting.
An ogre comes into view. It is wielding a +0 giant club.
You shoot an arrow. The arrow barely misses the ogre.
The ogre shouts!
You start resting.
An ogre is nearby!
You shoot an arrow. The arrow completely misses the ogre.
You shoot an arrow. The arrow hits the ogre.
The ogre is lightly wounded.
A scorpion comes into view.
You shoot an arrow. The arrow hits the ogre.
The ogre is lightly wounded.
You shoot an arrow. The arrow hits the ogre.
The ogre is moderately wounded.
The ogre hits you with a +0 giant club.
You shoot an arrow. The arrow hits the ogre!
The ogre is heavily wounded.
You shoot an arrow. The arrow hits the ogre.
The ogre is heavily wounded.
The ogre hits you with a +0 giant club.
You shoot an arrow.
The arrow hits the ogre but does no damage.
The ogre is heavily wounded.
The ogre hits you with a +0 giant club!
A phantom comes into view.
The scorpion closely misses you.
You shoot an arrow. The arrow hits the ogre.
The ogre is severely wounded.
The scorpion stings you but does no damage.
The ogre completely misses you.
You shoot an arrow.
The arrow hits the ogre but does no damage.
The ogre is severely wounded.
The scorpion stings you. The ogre closely misses you. The scorpion stings you.
You die...

#######
#....>#
#.....#
#.....#
#.....#
#...@.#
#...Os#
#.....#
###..##
#W.#
....
.!..
.....


You could see an ogre, a phantom and a scorpion.

Vanquished Creatures
  An ogre (D:3)
  3 orc priests (D:3)
  4 gnolls (D:2)
  7 adders
  2 ribbon worms (D:2)
  3 orcs (D:3)
  5 bats
  7 endoplasms
  4 giant cockroaches
  9 goblins
  7 hobgoblins
  2 quokkas
  A ball python (D:2)
  3 frilled lizards
  2 kobolds
  4 rats
64 creatures vanquished.

Notes
Turn   | Place    | Note
-------+----------+-------------------------------------------
     0 | D:1      | qw the Gargoyle Hunter began the quest for the Orb.
     0 | D:1      | Reached XP level 1. HP: 12/12 MP: 1/1
     0 | D:1      | 0 ||| qw: Version: 0.3-a-132-g3d54051
     0 | D:1      | 0 ||| qw: Game counter: 363
     0 | D:1      | 0 ||| qw: Melee chars always use a shield: true
     0 | D:1      | 0 ||| qw: God list: Okawaru
     0 | D:1      | 0 ||| qw: Allow faded altars: false
     0 | D:1      | 0 ||| qw: Do Orc after clearing Dungeon:15 true
     0 | D:1      | 0 ||| qw: Do second Lair branch before Depths: true
     0 | D:1      | 0 ||| qw: Lair rune preference: random
     0 | D:1      | 0 ||| qw: Goals: Normal
     0 | D:1      | 0 ||| PLANNING D:1-11
   240 | D:1      | Reached XP level 2. HP: 17/17 MP: 2/2
   635 | D:1      | 635 ||| UPGRADING to +0 ring mail.
   645 | D:1      | 645 ||| DROPPING +0 leather armour.
   646 | D:1      | 646 ||| DROPPING scarf of harm.
   647 | D:1      | 647 ||| UPGRADING to amulet of regeneration.
   652 | D:1      | 652 ||| READING 2 scrolls labelled CEZXUL WONE.
   652 | D:1      | 652 ||| IDENTIFYING white potion
   653 | D:1      | 653 ||| READING scroll of identify.
   653 | D:1      | 653 ||| IDENTIFYING bubbling golden potion
   654 | D:1      | 654 ||| READING scroll labelled WOEGHEA WEQIZ.
   658 | D:1      | 658 ||| DROPPING scroll of butterflies.
   659 | D:1      | 659 ||| DROPPING potion of lignification.
   707 | D:2      | Reached skill level 1 in Armour
   707 | D:2      | Reached XP level 3. HP: 20/21 MP: 3/3
   889 | D:2      | Found a faded altar of an unknown god.
   903 | D:2      | Reached skill level 5 in Ranged Weapons
  1389 | D:2      | Reached XP level 4. HP: 27/27 MP: 4/4
  1427 | D:2      | 1427 ||| RETREEEEATING.
  1435 | D:2      | Reached skill level 3 in Fighting
  1458 | D:2      | 1458 ||| FLEEEEING.
  1627 | D:2      | 1627 ||| READING scroll labelled SYWKESONLUT.
  1628 | D:2      | 1628 ||| READING scroll labelled TIVELA PYWASMU.
  1693 | D:3      | Found a hide-covered altar of Uskayaw.
  1899 | D:3      | Reached XP level 5. HP: 32/32 MP: 5/5
  1921 | D:3      | Found a stormy altar of Qazlal.
  1950 | D:3      | HP: 6/32 [orc priest/nerve-wracking pain (7)]
  1951 | D:3      | 1951 ||| READING scroll of teleportation.
  1957 | D:3      | 1957 ||| FLEEEEING.
  1958 | D:3      | 1958 ||| FLEEEEING.
  1962 | D:3      | 1962 ||| FLEEEEING.
  1963 | D:3      | 1963 ||| FLEEEEING.
  1964 | D:3      | 1964 ||| FLEEEEING.
  1965 | D:3      | 1965 ||| FLEEEEING.
  1966 | D:3      | 1966 ||| FLEEEEING.
  1967 | D:3      | 1967 ||| FLEEEEING.
  1968 | D:3      | 1968 ||| FLEEEEING.
  1969 | D:3      | 1969 ||| FLEEEEING.
  1970 | D:3      | 1970 ||| FLEEEEING.
  1971 | D:3      | 1971 ||| FLEEEEING.
  1979 | D:3      | 1979 ||| STAIRDANCE
  1987 | D:2      | 1987 ||| READING scroll of identify.
  1987 | D:2      | 1987 ||| IDENTIFYING emerald potion
  1988 | D:2      | 1988 ||| READING scroll labelled LIZULUFUIB.
  2169 | D:3      | Reached skill level 6 in Ranged Weapons
  2335 | D:3      | 2335 ||| READING scroll labelled ESERIHU OPSUI.
  2354 | D:4      | Noticed an ogre
  2355 | D:4      | 2355 ||| ZAPPING wand of paralysis (5) at -4,7 (ogre;
                  | floor).
  2356 | D:4      | 2356 ||| STAIRDANCE
  2358 | D:3      | 2358 ||| FLEEEEING.
  2371 | D:4      | 2371 ||| STAIRDANCE
  2371 | D:4      | Noticed an orc warrior
  2376 | D:4      | 2376 ||| STAIRDANCE
  2378 | D:3      | 2378 ||| ZAPPING wand of paralysis (4) at 0,-1 (ogre;
                  | floor).
  2379 | D:3      | 2379 ||| ZAPPING wand of paralysis (3) at 0,-1 (ogre;
                  | floor).
  2387 | D:3      | Killed an ogre
  2388 | D:3      | Reached XP level 6. HP: 36/39 MP: 6/6
  2393 | D:4      | 2393 ||| STAIRDANCE
  2401 | D:4      | 2401 ||| STAIRDANCE
  2411 | D:3      | 2411 ||| FLEEEEING.
  2419 | D:4      | 2419 ||| ZAPPING wand of paralysis (2) at 4,6 (orc warrior;
                  | floor).
  2421 | D:4      | 2421 ||| STAIRDANCE
  2433 | D:4      | 2433 ||| STAIRDANCE
  2435 | D:4      | 2435 ||| STAIRDANCE
  2437 | D:4      | 2437 ||| STAIRDANCE
  2439 | D:3      | 2439 ||| DRINKING ruby potion.
  2439 | D:3      | Gained mutation: Your health recovers twice as slowly from
                  | being drained. [potion of mutation]
  2439 | D:3      | Gained mutation: You expend magic power (3 MP) to
                  | strengthen your wands. [potion of mutation]
  2439 | D:3      | Gained mutation: Your muscles are strong. (Str +4, Int/Dex
                  | -1) [potion of mutation]
  2466 | D:4      | 2466 ||| STAIRDANCE
  2468 | D:3      | 2468 ||| FLEEEEING.
  2477 | D:4      | 2477 ||| ZAPPING wand of paralysis (1) at 2,2 (orc warrior;
                  | floor).
  2491 | D:4      | HP: 8/39 [orc warrior/+0 battleaxe (11)]
  2492 | D:4      | 2492 ||| READING scroll of teleportation.
  2493 | D:4      | HP: 3/39 [orc warrior/+0 battleaxe (7)]
  2515 | D:4      | HP: 3/39 [ogre/+0 giant club (13)]
  2517 | D:4      | Slain by a scorpion

Levels and vault maps discovered:
D:1:      amcnicky_arrival_underground_garden, layout_loops_ring,
          hangedman_decor_growths
D:2:      layout_loops_corners, ebering_ecumenical_altar_abandoned
D:3:      minmay_spotlight, layout_rooms, marbit_many_paths, old_standard_altar,
          palyth_stone_intersect, minmay_misc_feat_pillars, nicolae_half_adder
D:4:      layout_gridville, uniq_robin, uniq_edmund

Skill      XL: |  1  2  3  4  5 |
---------------+----------------+-----
Armour         | 1 |  1.2
Ranged Weapons | 5 6 |  6.4
Fighting       | 3 4 |  4.6
Dodging        | |  1.5
Stealth        | |  1.1

Action                     |  1- 3 |  4- 6 || total
---------------------------+-------+-------++-------
   Fire: Shortbow          |   105 |   195 ||   300
  Evoke: Wand              |       |     5 ||     5
    Use: Scroll            |     3 |     7 ||    10
         Potion            |       |     1 ||     1
 Armour: Leather armour    |    13 |       ||    13
         Ring mail         |    12 |   120 ||   132
  Dodge: Dodged            |    19 |    93 ||   112

Table legend:
 A = Non-vault XP
 B = Vault XP
 C = Vault XP percentage of total XP
 D = Non-vault monster count
 E = Vault monster count
 F = Vault count percentage of total count
                 A         B        C        D         E       F
            +---------+---------+-------+---------+---------+-------
      Total |     438 |      50 |  10.2 |      57 |       7 |  10.9
            +---------+---------+-------+---------+---------+-------
        D:1 |      22 |       0 |   0.0 |      12 |       0 |   0.0
        D:2 |     121 |       0 |   0.0 |      24 |       0 |   0.0
        D:3 |     295 |      50 |  14.5 |      21 |       7 |  25.0
            +---------+---------+-------+---------+---------+-------
